 Dungeon Crawl Stone Soup version 0.31.0-9-g3a7656b989 (webtiles) character file.

Game seed: 17936175775999330613

98748 Gottschkopf the Eclecticist (level 15, -10/77 HPs)
             Began as a Deep Elf Conjurer on Jan 29, 2024.
             Was a High Priest of Vehumet.
             Hit by a silver javelin thrown by a merfolk javelineer (26 damage)
             ... on level 1 of the Shoals.
             The game lasted 02:06:11 (23961 turns).

Gottschkopf the Eclecticist (Deep Elf Conjurer)    Turns: 23961, Time: 02:06:12

Health: -10/77     AC: 11    Str:  8    XL:     15   Next: 47%
Magic:  5/48       EV: 17    Int: 30    God:    Vehumet [*****.]
Gold:   1073       SH:  0    Dex: 12    Spells: 2/50 levels left

rFire   + . .        C - +3 dagger (protect)
rCold   + . .        P - orb {*channel}
rNeg    . . .        b - +2 robe {rC+ rF+}
rPois   +            Q - +2 hat {SInv}
rElec   .            w - +0 cloak
rCorr   .            q - +2 pair of gloves
SInv    +            J - +0 pair of boots
Will    +....        n - amulet of regeneration
Stlth   ++           x - ring of magical power
HPRegen 1.12/turn    R - ring of wizardry
MPRegen 0.31/turn

%: wizardry (x1), channel magic (20%)
@: marked, mesmerised, invisible, very slow
A: poison resistance, strong 1
a: Renounce Religion


You were on level 1 of the Shoals.
You worshipped Vehumet.
Vehumet was extremely pleased with you.
You visited 4 branches of the dungeon, and saw 21 of its levels.
You also visited: Ice Cave.

You collected 1809 gold pieces.
You spent 736 gold pieces at shops.

Inventory:

Hand Weapons
 C - a +3 dagger of protection (weapon)
Missiles
 v - 3 throwing nets
Armour
 b - a +2 robe of resistance (worn)
 q - a +2 pair of gloves (worn)
 w - a +0 cloak (worn)
 A - a +0 troll leather armour
 B - a +1 robe of willpower
 J - a +0 pair of boots (worn)
 L - +0 acid dragon scales
 P - an orb of energy (worn)
 Q - a +2 hat of see invisible (worn)
Magical Staves
 c - a staff of earth
 F - a staff of cold
Jewellery
 n - an amulet of regeneration (around neck)
 x - a ring of magical power (left hand)
 z - a +4 ring of protection
 R - a ring of wizardry (right hand)
Wands
 a - a wand of digging (13)
 g - a wand of polymorph (8)
 y - a wand of mindburst (21)
 D - a wand of flame (61)
 E - a wand of charming (22)
 I - a wand of iceblast (44)
 O - a wand of quicksilver (3)
Scrolls
 e - 2 scrolls of brand weapon
 f - 6 scrolls of identify
 h - 3 scrolls of poison
 k - a scroll of fog
 l - a scroll of immolation
 o - 2 scrolls of vulnerability
 r - 10 scrolls of teleportation
 H - a scroll of revelation
 K - a scroll of enchant weapon
 S - 2 scrolls of summoning
 T - 2 scrolls of fear
 U - 5 scrolls of blinking
 W - 2 scrolls of silence
Potions
 d - 3 potions of enlightenment
 j - 5 potions of lignification
 m - 9 potions of curing
 p - a potion of cancellation
 s - 4 potions of heal wounds
 t - 3 potions of resistance
 u - a potion of ambrosia
 G - 8 potions of haste
 M - a potion of brilliance
 V - 2 potions of berserk rage
 Y - 2 potions of might
Miscellaneous
 N - a sack of spiders
 Z - a phial of floods


   Skills:
 - Level 2.8 Fighting
 + Level 13.6 Dodging
 - Level 6.8 Stealth
 + Level 18.0 Spellcasting
 + Level 15.6 Conjurations
 - Level 7.6 Summonings
 - Level 2.0 Translocations
 * Level 12.6 Fire Magic
 - Level 5.3 Air Magic
 - Level 7.0 Alchemy


You had 2 spell levels left.
You knew the following spells:

 Your Spells              Type           Power      Damage    Failure   Level
a - Plasma Beam           Fire/Air       34%        2x1d47    1%          6
b - Yara's Violent Unrav  Hex/Alch       24%        3d11      2%          5
c - Fulminant Prism       Conj/Alch      38%        3d17      1%          4
d - Iskenderun's Mystic   Conj/Tloc      68%        2d14      1%          4
e - Swiftness             Air            56%        N/A       1%          3
f - Airstrike             Air            28%        2d(4-20)  1%          4
g - Fireball              Conj/Fire      42%        3d17      1%          5
h - Fire Storm            Conj/Fire      42%        8d11      47%         9
i - Spellforged Servitor  Conj/Summ      38%        N/A       3%          7
j - Magic Dart            Conj           100%       1d8       1%          1

Your spell library contained the following spells:

 Spells                   Type           Power      Damage    Failure   Level
 Starburst                Conj/Fire      42%        6d12      1%          6
 Foxfire                  Conj/Fire      100%       2x1d9     1%          1
 Shock                    Conj/Air       100%       1d9       1%          1
 Sting                    Conj/Alch      100%       1d9       1%          1
 Summon Small Mammal      Summ           100%       N/A       1%          1
 Mercury Vapours          Alch/Air       100%       N/A       1%          2
 Searing Ray              Conj           100%       2d8       1%          2
 Necrotise                Necr           100%       1d9       2%          1
 Call Canine Familiar     Summ           64%        N/A       1%          3
 Hailstorm                Conj/Ice       65%        3d12      1%          3
 Olgreb's Toxic Radiance  Alch           62%        N/A       1%          4
 Summon Blazeheart Golem  Fire/Summ      73%        N/A       1%          4
 Summon Ice Beast         Ice/Summ       49%        N/A       2%          3
 Martyr's Knell           Necr/Summ      49%        N/A       4%          4
 Ozocubu's Armour         Ice            27%        N/A       6%          3
 Vampiric Draining        Necr           27%        2d7       6%          3
 Summon Forest            Summ/Tloc      27%        N/A       7%          5
 Curse of Agony           Necr           27%        N/A       30%         5
 Metabolic Englaciation   Hex/Ice        13%        N/A       30%         5
 Sculpt Simulacrum        Ice/Alch       24%        N/A       38%         6
 Ozocubu's Refrigeration  Ice            13%        4d10      77%         7


Dungeon Overview and Level Annotations

Branches:
Dungeon (14/15)            Temple (1/1) D:7            Lair (5/5) D:9
 Shoals (1/4) Lair:2        Snake (0/4) Lair:2        Slime (0/5) Lair:5
    Orc (0/2) D:10         Vaults (0/5) D:14          IceCv (visited)

Altars:
Ashenzari
Cheibriados
Dithmenos
Elyvilon
Fedhas
Gozag
Hepliaklqana
Kikubaaqudgha
Makhleb
Nemelex Xobeh
Okawaru
Qazlal
Ru
Sif Muna
Trog
Uskayaw
Vehumet
Wu Jian
Xom
Yredelemnul
Zin
The Shining One

Shops:
D:2 :   D:8 :   D:14 !


Innate Abilities, Weirdness & Mutations

Your system is resistant to poisons. (rPois)
Your muscles are strong. (Str +4, Int/Dex -1)


Message History

Confirm with . or Enter, or press ? or * to list all spells.
The bolt of lightning misses the merfolk avatar.
The merfolk impaler barely misses you.
The merfolk avatar chants a haunting song.
You are mesmerised by the merfolk avatar!
There is a staircase back to the Lair here.
You cannot move away from the merfolk avatar!
Casting: Plasma Beam (dangerous; 1% risk of failure)
Confirm with . or Enter, or press ? or * to list all spells.
The bolt of lightning hits the merfolk impaler!
The merfolk impaler is moderately wounded.
The fiery plasma misses the merfolk impaler.
The pull of its song draws you forwards.
You enter the shallow water.
Moving in this stuff is going to be slow.
Shadowy forms rise from the deep at the merfolk avatar's song!
The merfolk impaler completely misses you.
The merfolk avatar chants its luring song.
Your unstable footing causes you to fumble your attack.
The merfolk impaler closely misses you.
Your spellforged servitor mumbles some strange words.
The bolt of lightning hits the drowned soul!!
The drowned soul is destroyed!
The drowned soul returns to the deep!
A merfolk javelineer comes into view.
It is wielding a +3 spear of venom and quivering silver javelins.
The merfolk impaler hits you from afar with a +1 trident of distortion!
Space warps around you!
You are too injured to fight recklessly!
Casting: Plasma Beam (dangerous; 1% risk of failure)
Confirm with . or Enter, or press ? or * to list all spells.
You don't have enough magic to cast this spell.
You fade into invisibility!
The shadowy forms in the deep grow still as others approach.
The merfolk impaler hits you from afar with a +1 trident of distortion!
Space warps horribly around you!
* * * LOW HITPOINT WARNING * * *
The merfolk avatar chants its luring song.
The merfolk javelineer throws a silver javelin.
The silver javelin pierces through you!!
You die...

...~~~~~~~~~
...~~~~~~~~≈≈
...~~~~~†§~~
....~~~§~~~ ..
##...~~§≈≈≈~
..≈~###.§~~§§~≈≈≈~
.......~†m§~~~~~~~
##....~§.§~~m~~~~~
##...~~9~@~~~†..m
#...~~~~~~~~.###
#....~~~~~~.##
#........~~.#
#..###.......# .†.
#.......# ~.
######... .~.#


You could see a merfolk avatar (mesmerising, ally target), a merfolk impaler, a
merfolk javelineer and a friendly spellforged servitor (summoned).

Vanquished Creatures
  Jorgrun (D:13)
  Gastronok (D:8)
  A vault guard (D:14)
  Fannar (Lair:1)
  4 hydras
  2 centaur warriors
  4 two-headed ogres
  3 boulder beetles
  A tengu warrior (D:14)
  2 death yaks (Lair:5)
  3 skysharks
  5 skeletal warriors (D:9)
  A glowing orange brain (D:14)
  2 bog bodies (IceCv)
  A lindwurm (Lair:5)
  4 harpies (Shoals:1)
  Pikel (D:4)
  2 deep elf pyromancers
  An ugly thing (D:10)
  2 manticores
  6 cyclopes
  A water nymph (Shoals:1)
  6 elephants
  3 black mambas
  An ice statue (IceCv)
  A gargoyle (D:11)
  5 cane toads
  Maggie (D:8)
  Jeremiah (D:8)
  A kobold demonologist (D:9)
  A freezing wraith (IceCv)
  4 rime drakes (D:14)
  2 unseen horrors
  3 komodo dragons
  An anaconda simulacrum (IceCv)
  7 trolls
  A tengu conjurer (D:14)
  3 polar bears
  4 hornets
  2 snapping turtles
  12 dream sheep
  4 blink frogs (Lair:5)
  13 slime creatures (D:12)
  Sigmund (D:5)
  3 wraiths
  33 yaks
  3 spriggans (Lair:5)
  A vampire (D:9)
  3 wyverns
  2 water elementals
  Eustachio (D:5)
  7 basilisks
  A steam dragon (D:6)
  A death yak simulacrum (IceCv)
  A harpy simulacrum (IceCv)
  A naga (Lair:2)
  2 hell hounds (D:14)
  6 water moccasins
  A swamp drake (D:10)
  4 orc warriors
  2 sky beasts
  An ice beast (D:5)
  3 black bears
  An ogre (D:6)
  7 centaurs
  A wolf (Lair:2)
  A phantom (D:6)
  6 kobold brigands
  9 bullfrogs
  A necrophage (D:7)
  A two-headed ogre simulacrum (IceCv)
  4 gnoll sergeants
  3 scorpions
  2 cane toad simulacra (IceCv)
  5 wights (D:8)
  2 elephant simulacra (IceCv)
  6 killer bees (D:8)
  9 electric eels
  11 howler monkeys
  2 bombardier beetles
  5 hounds
  2 jellies
  7 orc priests
  A sleepcap (D:6)
  Ijyb (D:5)
  4 iguanas
  7 orc wizards
  Natasha (thrice) (D:4)
  4 troll simulacra (IceCv)
  10 hell rats (D:14)
  A polar bear simulacrum (IceCv)
  7 spriggan simulacra (IceCv)
  A wolf simulacrum (IceCv)
  A hound skeleton (D:7)
  10 adders
  19 gnolls
  2 naga simulacra (IceCv)
  11 white imps
  4 ufetubi (IceCv)
  A ribbon worm (D:3)
  2 dart slugs
  23 orcs
  6 endoplasms
  A giant cockroach (D:3)
  7 goblins
  9 hobgoblins
  9 jackals (D:2)
  A quokka (D:1)
  6 ball pythons
  5 bats
  25 frilled lizards
  17 kobolds
  7 rats
492 creatures vanquished.

Vanquished Creatures (collateral kills)
  A hydra (Lair:5)
  2 boulder beetles (Lair:4)
  6 death yaks (Lair:5)
  Urug (Lair:3)
  A skyshark (Lair:5)
  A harpy (Shoals:1)
  A lindwurm (Lair:3)
  A merfolk siren (Shoals:1)
  4 elephants (Lair:5)
  2 black mambas
  A torpor snail (Lair:3)
  9 cane toads
  2 komodo dragons
  A rime drake (Lair:1)
  An anaconda simulacrum (IceCv)
  6 polar bears
  4 hornets (Lair:5)
  14 blink frogs
  5 dream sheep
  45 yaks
  9 spriggans (Lair:5)
  A basilisk (Lair:2)
  3 death yak simulacra (IceCv)
  7 water moccasins
  2 black bears (Lair:5)
  4 boggarts (Lair:5)
  18 wolves
  2 bullfrogs
  A two-headed ogre simulacrum (IceCv)
  2 spriggan simulacra (IceCv)
  A wolf simulacrum (IceCv)
  A naga simulacrum (IceCv)
  8 white imps
  An ufetubus (IceCv)
168 creatures vanquished.

Vanquished Creatures (others)
  237 fulminant prisms
237 creatures vanquished.

Grand Total: 897 creatures vanquished

Notes
Turn   | Place    | Note
-------+----------+-------------------------------------------
     0 | D:1      | Gottschkopf the Deep Elf Conjurer began the quest for the
                  | Orb.
     0 | D:1      | Reached XP level 1. HP: 10/10 MP: 6/6
   304 | D:1      | Reached XP level 2. HP: 15/15 MP: 6/8
   386 | D:1      | Reached skill level 5 in Conjurations
   410 | D:1      | Learned a level 2 spell: Searing Ray
   987 | D:1      | Reached XP level 3. HP: 19/19 MP: 6/9
  1878 | D:2      | Reached XP level 4. HP: 24/24 MP: 9/11
  1912 | D:2      | Learned a level 4 spell: Fulminant Prism
  2129 | D:2      | Found Vaoddi's Vocational Training.
  2366 | D:2      | Found a faded altar of an unknown god.
  2812 | D:2      | Prayed at the altar of an unknown god.
  2812 | D:2      | Became a worshipper of Uskayaw the Reveller
  2812 | D:2      | Reached * piety under Uskayaw
  2813 | D:2      | Fell from the grace of Uskayaw
  2829 | D:3      | Reached skill level 1 in Alchemy
  2838 | D:3      | Reached skill level 4 in Spellcasting
  3725 | D:4      | Noticed Natasha
  3730 | D:4      | Reached XP level 5. HP: 28/28 MP: 6/13
  3732 | D:4      | Killed Natasha
  3825 | D:4      | Noticed Natasha
  3839 | D:4      | Killed Natasha
  4016 | D:4      | Noticed Pikel
  4024 | D:4      | Killed Pikel
  4025 | D:4      | Reached skill level 5 in Spellcasting
  4025 | D:4      | Reached XP level 6. HP: 21/32 MP: 4/16
  4025 | D:4      | Reached XP level 7. HP: 24/36 MP: 4/17
  4035 | D:4      | Learned a level 4 spell: Iskenderun's Mystic Blast
  4108 | D:4      | Noticed Natasha
  4113 | D:4      | Killed Natasha
  4226 | D:4      | Reached skill level 6 in Spellcasting
  4441 | D:4      | You fall into a shaft and drop 3 floors!
  4486 | D:7      | Found a staircase to the Ecumenical Temple.
  4492 | Temple   | Entered the Ecumenical Temple
  4509 | Temple   | Became a worshipper of Vehumet
  4607 | D:7      | Paralysed by the fury of Uskayaw for 5 turns
  4837 | D:6      | Reached XP level 8. HP: 41/41 MP: 15/19
  5102 | D:6      | Reached skill level 7 in Spellcasting
  5293 | D:6      | Reached * piety under Vehumet
  5293 | D:6      | Offered knowledge of Foxfire by Vehumet.
  5313 | D:5      | Entered Level 5 of the Dungeon
  5313 | D:5      | Noticed Sigmund
  5316 | D:5      | Noticed Eustachio
  5439 | D:6      | Reached skill level 5 in Alchemy
  5483 | D:6      | Reached skill level 5 in Dodging
  5873 | D:5      | Killed Sigmund
  5874 | D:5      | Reached skill level 10 in Conjurations
  5874 | D:5      | Reached XP level 9. HP: 45/45 MP: 22/22
  5906 | D:5      | Killed Eustachio
  5952 | D:4      | Reached skill level 8 in Spellcasting
  6168 | D:4      | Learned a level 3 spell: Swiftness
  6529 | D:5      | Found a stormy altar of Qazlal.
  6638 | D:5      | Noticed Ijyb
  6641 | D:5      | Killed Ijyb
  6649 | D:5      | Reached skill level 1 in Air Magic
  6694 | D:5      | Reached ** piety under Vehumet
  6694 | D:5      | Offered knowledge of Scorch by Vehumet.
  7578 | D:6      | Found a shimmering altar of Xom.
  7578 | D:6      | Found a bloodstained altar of Trog.
  7578 | D:6      | Found a shadowy altar of Dithmenos.
  7578 | D:6      | Found a white marble altar of Elyvilon.
  8141 | D:7      | Found a burning altar of Makhleb.
  8297 | D:8      | Noticed Gastronok
  8451 | D:9      | Found a runed translucent door.
  8747 | D:8      | Noticed Maggie
  8759 | D:8      | Killed Maggie
  8760 | D:8      | Reached skill level 9 in Spellcasting
  8760 | D:8      | Reached XP level 10. HP: 25/50 MP: 14/25
  8834 | D:8      | Noticed Jeremiah
  8843 | D:8      | Killed Jeremiah
  8932 | D:8      | Offered knowledge of Momentum Strike by Vehumet.
  9137 | D:8      | Found Koisefotu's Book Emporium.
  9423 | D:8      | Killed Gastronok
  9424 | D:8      | Reached skill level 5 in Stealth
  9424 | D:8      | Reached skill level 1 in Translocations
  9605 | D:9      | Learned a level 4 spell: Airstrike
  9734 | D:9      | Noticed a two-headed ogre
  9744 | D:9      | Killed a two-headed ogre
  9768 | D:9      | Reached skill level 10 in Spellcasting
  9777 | D:9      | Noticed a skeletal warrior
  9824 | D:9      | Found a runed translucent door.
  9859 | D:9      | Noticed a skeletal warrior
  9871 | D:9      | Killed a skeletal warrior
  9920 | D:9      | Noticed a skeletal warrior
  9929 | D:9      | Noticed a skeletal warrior
  9936 | D:9      | Noticed a skeletal warrior
  9936 | D:9      | Killed a skeletal warrior
  9937 | D:9      | Reached XP level 11. HP: 32/54 MP: 23/27
 10019 | D:9      | Killed a skeletal warrior
 10019 | D:9      | Reached *** piety under Vehumet
 10034 | D:9      | Killed a skeletal warrior
 10353 | D:9      | Found a staircase to the Lair.
 10533 | D:9      | Killed a skeletal warrior
 10595 | D:9      | Was forgiven by Uskayaw
 10759 | D:9      | Offered knowledge of Ignite Poison by Vehumet.
 10806 | D:9      | Reached skill level 11 in Spellcasting
 10846 | D:9      | Gained mutation: You occasionally lose the ability to read
                  | scrolls when taking damage. [potion of mutation]
 10890 | D:9      | Noticed a two-headed ogre
 10896 | D:9      | Killed a two-headed ogre
 10959 | D:9      | Noticed a deep elf pyromancer
 10962 | D:9      | Killed a deep elf pyromancer
 10963 | D:9      | Reached skill level 5 in Air Magic
 11071 | D:10     | Entered Level 10 of the Dungeon
 11075 | D:10     | Noticed a two-headed ogre
 11084 | D:10     | Killed a two-headed ogre
 11207 | D:10     | Noticed a two-headed ogre
 11215 | D:10     | Killed a two-headed ogre
 11336 | D:10     | Found a shimmering blue altar of Sif Muna.
 11440 | D:10     | Noticed a cyan ugly thing
 11459 | D:10     | Killed a cyan ugly thing
 11460 | D:10     | Reached XP level 12. HP: 59/59 MP: 15/29
 11564 | D:10     | Reached skill level 10 in Dodging
 11597 | D:10     | Lost mutation: You occasionally lose the ability to read
                  | scrolls when taking damage. [potion of mutation]
 11597 | D:10     | Gained mutation: Your muscles are strong. (Str +4, Int/Dex
                  | -1) [potion of mutation]
 11597 | D:10     | Gained mutation: You have a pair of small horns on your
                  | head. [potion of mutation]
 11597 | D:10     | Gained mutation: Your magical capacity is low. (-10% MP)
                  | [potion of mutation]
 11597 | D:10     | Gained mutation: You are partially covered in iridescent
                  | scales. (AC +2) [potion of mutation]
 11691 | D:10     | Found an opulent altar of Gozag.
 11871 | D:8      | Bought the Directory of Anthracomancy and Displacement for
                  | 736 gold pieces
 11878 | D:8      | Learned a level 5 spell: Fireball
 11888 | D:8      | Learned a level 9 spell: Fire Storm
 12251 | D:10     | Reached skill level 1 in Fire Magic
 12298 | D:10     | Reached **** piety under Vehumet
 12357 | D:10     | Found a staircase to the Orcish Mines.
 12600 | D:11     | Noticed a boulder beetle
 12806 | D:11     | Killed a boulder beetle
 13175 | D:11     | Noticed a boulder beetle
 13198 | D:11     | Killed a boulder beetle
 13234 | D:11     | Offered knowledge of Brom's Barrelling Boulder by Vehumet.
 13245 | D:11     | Reached skill level 5 in Fire Magic
 13378 | D:11     | Found a shadowy altar of Dithmenos.
 13862 | D:12     | Got the Papyrus of Overhead Assembling
 13905 | D:12     | Reached skill level 1 in Summonings
 14144 | D:12     | Reached skill level 12 in Spellcasting
 14398 | D:12     | Reached skill level 5 in Summonings
 14691 | D:13     | Noticed a centaur warrior
 14698 | D:13     | Killed a centaur warrior
 15197 | D:13     | Noticed Jorgrun
 15197 | D:13     | Noticed an eight-headed hydra
 15201 | D:13     | Killed an eight-headed hydra
 15205 | D:13     | Killed Jorgrun
 15206 | D:13     | Reached skill level 13 in Spellcasting
 15206 | D:13     | Reached XP level 13. HP: 29/63 MP: 11/29
 15636 | D:14     | Reached skill level 1 in Fighting
 15726 | D:14     | Found a transporter.
 15726 | D:14     | Found Yklefoze's Distillery.
 15755 | D:14     | Reached ***** piety under Vehumet
 15756 | D:14     | Offered knowledge of Orb of Destruction by Vehumet.
 16185 | D:14     | Learned a level 7 spell: Spellforged Servitor
 16417 | D:14     | Reached skill level 15 in Conjurations
 16569 | D:14     | Found a gate to the Vaults.
 16898 | D:14     | Found a transporter.
 17150 | Lair:1   | Entered Level 1 of the Lair of Beasts
 17257 | Lair:1   | Reached skill level 14 in Spellcasting
 17483 | Lair:1   | Noticed Fannar
 17491 | Lair:1   | Killed Fannar
 18215 | Lair:3   | Reached skill level 15 in Spellcasting
 18221 | Lair:3   | Found a frozen archway.
 18241 | IceCv    | Entered an ice cave
 18446 | IceCv    | Offered knowledge of Irradiate by Vehumet.
 18724 | IceCv    | Lost mutation: Your magical capacity is low. (-10% MP)
                  | [potion of mutation]
 18724 | IceCv    | Lost mutation: You are partially covered in iridescent
                  | scales. (AC +2) [potion of mutation]
 18724 | IceCv    | Lost mutation: You have a pair of small horns on your head.
                  | [potion of mutation]
 18724 | IceCv    | Gained mutation: Your system is resistant to poisons.
                  | (rPois) [potion of mutation]
 19485 | IceCv    | Got the Annotations on the Tundra
 19629 | Lair:3   | Noticed Urug
 19631 | Lair:3   | Killed Urug
 19708 | Lair:5   | Entered Level 5 of the Lair of Beasts
 19719 | Lair:5   | Reached XP level 14. HP: 72/72 MP: 35/35
 19867 | Lair:4   | Reached skill level 16 in Spellcasting
 20242 | Lair:5   | Offered knowledge of Plasma Beam by Vehumet.
 20250 | Lair:5   | Learned a level 6 spell: Plasma Beam
 20428 | Lair:5   | Found a basalt altar of Yredelemnul.
 20561 | Lair:5   | Found a staircase to the Slime Pits.
 20585 | Lair:5   | Reached skill level 10 in Fire Magic
 20645 | Lair:5   | Reached skill level 17 in Spellcasting
 20939 | Lair:5   | Got an earthy gem with 1342 turns to spare
 21570 | Lair:4   | Reached XP level 15. HP: 77/77 MP: 38/38
 21607 | Lair:4   | Offered knowledge of Yara's Violent Unravelling by Vehumet.
 22808 | Lair:3   | Learned a level 5 spell: Yara's Violent Unravelling
 23670 | Lair:2   | Found a staircase to the Snake Pit.
 23933 | Lair:2   | Found a staircase to the Shoals.
 23940 | Shoals:1 | Entered Level 1 of the Shoals
 23942 | Shoals:1 | Offered knowledge of Starburst by Vehumet.
 23954 | Shoals:1 | Reached skill level 18 in Spellcasting
 23961 | Shoals:1 | Hit by a silver javelin thrown by a merfolk javelineer

Illustrated notes

Levels and vault maps discovered:
D:1:      minmay_arrival_stair_chambers, layout_basic, minmay_lizard_pond
D:2:      layout_basic, basic_ecumenical_altar, glass_columns_c, fountainhead,
          nicolae_shop_vocational
D:3:      layout_basic, minmay_lizard_king
D:4:      layout_loops_ring, eino_tiny_chamber, uniq_pikel, uniq_natasha
D:5:      layout_cave_pools, nicolae_qazlal_general_emergency,
          dreamdust_gnoll_farm, uniq_ijyb, uniq_eustachio, uniq_sigmund
D:6:      layout_cave_pods, grunt_temple_overflow_cloverleaf,
          columned_hall_lemuel
D:7:      layout_rooms, makhleb_blood_cavern_becter, minmay_temple_entry_trees
D:8:      layout_rooms, serial_shops, nicolae_shop_back_alley_shop,
          serial_rivers, chequers_serial_rivers_micro_b,
          chequers_serial_rivers_micro_d, chequers_serial_rivers_large_b,
          chequers_serial_rivers_micro_d, uniq_gastronok, uniq_jeremiah,
          uniq_maggie
D:9:      cheibrodos_histonic, layout_cave_pods, grunt_lair_entry_orc_guard_hut
D:10:     layout_roguey, nicolae_gozag_seed_capital, led_sif_pool, erik_orc_1
D:11:     layout_basic, nicolae_dithmenos_through_a_glass_darkly
D:12:     layout_cave_pools
D:13:     layout_roguey, uniq_jorgrun
D:14:     layout_gridville, hellmonk_vaults_order_and_chaos, serial_bayou,
          serial_bayou_lagoon_b, serial_bayou_lagoon_a, serial_bayou_pond_c,
          serial_bayou_pond_e, serial_shops, nicolae_shop_drivethru,
          special_room [special_room_mythical_zoo], hive_lemuel
Temple:   eino_temple_water
Lair:1:   layout_small_grid, grunt_forest_stairs_basic, beast_lair_carwin_9,
          uniq_fannar
Lair:2:   layout_hall_layers, minmay_shoals_entry_hut,
          guppyfry_snake_entry_island, chequers_serial_rivers_micro_b,
          bh_autumn_forest_stairs
Lair:3:   layout_gridlike, portal_ice_cave_entry_imps, uniq_urug
Lair:4:   layout_misc_corridors, serial_bayou_pond_c
Lair:5:   minmay_lair_end_enchanted_forest, layout_regular_city, slime_entry_1,
          basic_altar
Shoals:1: layout_shoals, lightli_airlock, uniq_roxanne

Skill      XL: |  1  2  3  4  5  6  7  8  9 10 11 12 13 14 15 |
---------------+----------------------------------------------+-----
Conjurations   | 5 6 8 10 11 12 14 15 | 15.6
Alchemy        | 1 3 5 6 7 |  7.0
Spellcasting   | 4 5 6 7 9 10 11 13 15 17 18 | 18.0
Dodging        | 3 5 6 8 9 10 12 13 | 13.6
Air Magic      | 2 3 5 |  5.3
Stealth        | 3 6 |  6.8
Translocations | 2 |  2.0
Fire Magic     | 5 11 12 | 12.6
Summonings     | 7 |  7.6
Fighting       | 2 |  2.8

Action                     |  1- 3 |  4- 6 |  7- 9 | 10-12 | 13-15 || total
---------------------------+-------+-------+-------+-------+-------++-------
  Melee: Dagger            |    16 |     3 |     7 |     9 |    15 ||    50
         Punch             |       |       |     1 |       |       ||     1
         Headbutt          |       |       |       |     1 |     2 ||     3
   Cast: Magic Dart        |    75 |    68 |   195 |   176 |   251 ||   765
         Searing Ray       |       |     4 |    17 |    11 |       ||    32
         Fulminant Prism   |       |     2 |    46 |   150 |    39 ||   237
         Iskenderun's Myst |       |       |     2 |    34 |    27 ||    63
         Swiftness         |       |       |       |     2 |     1 ||     3
         Airstrike         |       |       |       |    11 |    10 ||    21
         Fireball          |       |       |       |     9 |    98 ||   107
         Spellforged Servi |       |       |       |       |    53 ||    53
         Plasma Beam       |       |       |       |       |    55 ||    55
 Invoke: Renounce Religion |       |     1 |       |       |       ||     1
    Use: Scroll            |       |       |     6 |    21 |     6 ||    33
         Potion            |       |       |       |     2 |     4 ||     6
 Armour: Robe              |    17 |    17 |    46 |    25 |   122 ||   227
         Troll leather arm |       |       |       |    27 |    21 ||    48
  Dodge: Dodged            |    15 |     5 |    66 |    83 |   123 ||   292
